 Dungeon Crawl Stone Soup version 0.31-a0-705-ga145531891 (webtiles) character file.

Game seed: 6822038682594243737

630 ytrimaz the Insei (level 7, 0/43 HPs)
             Began as an Octopode Shapeshifter on Sept 10, 2023.
             Was an Initiate of Ashenzari.
             Slain by Blork the orc
             ... wielding a +3 glaive
              (16 damage)
             ... on level 5 of the Dungeon.
             The game lasted 00:03:50 (3625 turns).

ytrimaz the Insei (Octopode Shapeshifter)           Turns: 3625, Time: 00:03:50

Health: 0/43       AC:  1    Str: 13    XL:     7   Next: 48%
Magic:  7/7        EV: 13    Int: 13    God:    Ashenzari [......]
Gold:   167        SH:  0    Dex: 13    Spells: 6/6 levels left

rFire   . .          .
                       - Unarmed
rCold   . . .        (no shield)
rNeg    . . .        (helmet currently unavailable)
rPois   .            f - amulet of Toth-Mos's Legacy {Acrobat, Dev, Melee} (curse)
rElec   .            (no ring)
rCorr   .            (no ring)
SInv    .            (no ring)
Will    .....        (no ring)
Stlth   ++           (no ring)
HPRegen 0.27/turn    (no ring)
MPRegen 0.10/turn    (no ring)
                     (no ring)

%: acrobat
@: beast-form
A: beast (slay +3), almost no armour, amphibious, 8 rings, camouflage 1,
gelatinous body 1, (nimble swimmer 1), tentacles
a: Begin Untransformation, Renounce Religion, Shatter the Chains


You were on level 5 of the Dungeon.
You worshipped Ashenzari.
Ashenzari was noncommittal.
You were a hulking beast.
You visited 1 branch of the dungeon, and saw 5 of its levels.

You collected 167 gold pieces.


Innate Abilities, Weirdness & Mutations

You are a hulking beast.
Your limbs bulge with bestial killing power. (Slay +3)
You cannot wear most types of armour.
You are amphibious.
You can wear up to eight rings at the same time.
Your skin changes colour to match your surroundings (Stealth+).
Your rubbery body absorbs attacks. (AC +1, EV +1)
((You are camouflaged when in or above water. (Stealth+)))
You have tentacles for arms and can constrict up to eight enemies at once.


   Skills:
 - Level 1.0 Fighting
 - Level 2.0 Dodging
 + Level 6.3(6.7) Unarmed Combat
 + Level 5.9(6.3) Shapeshifting


You had 6 spell levels left.
You didn't know any spells.
Your spell library contained the following spells:

 Spells                   Type           Power      Damage    Failure   Level
 Sandblast                Erth           0%         2d4       30%         1
 Passwall                 Tmut/Erth      0%         N/A       43%         2
 Stone Arrow              Conj/Erth      0%         3d7       67%         3
 Tukima's Dance           Hex            0%         N/A       67%         3
 Dimensional Bullseye     Hex/Tloc       0%         N/A       97%         4
 Iskenderun's Mystic Bla  Conj/Tloc      0%         2d3       97%         4

Inventory:

Jewellery
 f - the cursed amulet of Toth-Mos's Legacy (around mantle) {Acrobat, Dev, Melee}
   (You found it on level 4 of the Dungeon)

   [amulet of the acrobat]

   Acrobat:   It increases your evasion while moving and waiting.
   It has a curse which improves the following skills: Devices: Evocations and
   Shapeshifting.
   Melee Combat: Short Blades, Long Blades, Axes, Maces & Flails, Polearms,
   Staves and Unarmed Combat.
Talismans
 b - a beast talisman (active)
 c - a flux talisman
Wands
 l - a wand of charming (6)
   (You found it on level 4 of the Dungeon)
 p - a wand of flame (26) (quivered)
   (You took it off Eustachio on level 4 of the Dungeon)
Scrolls
 e - a scroll of silence
 h - 2 scrolls of teleportation
 k - 3 scrolls of noise {unknown}
 m - a scroll of identify
Potions
 a - 3 potions of curing
 d - 2 potions of heal wounds
 g - a potion of lignification
 i - 2 potions of enlightenment {unknown}
 j - a potion of berserk rage {unknown}
 o - a potion of resistance {unknown}

Dungeon Overview and Level Annotations

Branches:
Dungeon (5/15) Zot: 26404
 Temple: D:4-7

Altars:
Ashenzari

Shops:
D:1 =

Annotations:
D:2 1 runed translucent door, Crazy Yiuf
D:5 Blork the orc

## ... ....
######### #....
#..$....######...!.
#<............
##............
###....o..#
##.h.#### #†$##
#..# #..# ....
...... .....<
..####..


You could see Blork the orc (fast).


Message History

Eustachio hits you with a +0 rapier. 😕 HP[-5]
You take 5 damage, and now have 33/38 hp.
You tentacle-slap Eustachio.
You constrict Eustachio, but do no damage.
Eustachio barely misses you.
Unknown command.
You completely miss Eustachio. You squeeze Eustachio!
You constrict Eustachio, but do no damage.
You tentacle-slap Eustachio. You constrict Eustachio.
Eustachio hits you with a +0 rapier. 😕 HP[-4]
You take 4 damage, and now have 29/38 hp.
Unknown command.
You tentacle-slap Eustachio.
You kill Eustachio!
Your Unarmed Combat skill increases to level 6!
You have reached level 7! 😕 HP[+4] MP[+1]
You now have 43 max hp (+5).
You regained 4 hp, and now have 33/43 hp.
Your mp is fully restored (7).
p - a wand of flame (28)
Things that are here:
a +0 rapier; a +3 leather armour of fire resistance Key pressed, stopping explore.
Key pressed, stopping explore.
You now have 160 gold pieces (gained 14).
Found a stone staircase leading down.
There is a stone staircase leading down here.
Found a stone staircase leading up. 😎 HP[+10]
Your hp is fully restored (43).
There is a stone staircase leading up here.
Done exploring.
Done exploring.
Done exploring.
Done exploring.
There is a stone staircase leading up, spattered with blood here.
There is a stone staircase leading down here.
You climb downwards.
You hear the hiss of flowing sand.
There is an entrance to an ossuary on this level.
Hurry and find it before the portal is buried!
You have a vision of a gate.
There is a stone staircase leading up here.
You now have 167 gold pieces (gained 7).
A scorpion comes into view.
Found a potion of lignification.
Found a stone staircase leading up.
A scorpion is nearby!
A scorpion is nearby!
Aiming: Iceblast
Press: ? - help, Q - select action, (/) - cycle Shift-Dir - straight line, f - scorpion
Aim: a scorpion The mass of ice explodes!
The iceblast engulfs the scorpion!
You hear a shout!
Blork the orc comes into view.
He is wielding a +3 glaive and carrying a wand of flame.
You bludgeon the scorpion!
You kill the scorpion!
Unknown command.
Blork the orc gestures wildly while chanting.
Blork the orc seems to speed up.
Ashenzari invites you to partake of a vision and a curse of devices and melee combat.
Your amulet of the acrobat glows black for a moment.
Blork the orc zaps a wand.
The puff of flame hits you.
Blork the orc zaps a wand.
The puff of flame hits you! 😮 HP[-15]
You take 15 damage, and now have 28/43 hp.
MASSIVE DAMAGE!! (PAUSE) Unknown command.
Aiming: Iceblast
Press: ? - help, Q - select action, (/) - cycle Shift-Dir - straight line, f - Blork the orc
Aim: Blork the orc, wielding a +3 glaive, wearing a +0 robe and carrying a wand of flame (fast)
The mass of ice explodes!
The iceblast engulfs Blork the orc!
Blork the orc screams, "Die!"
Blork the orc zaps a wand.
The puff of flame hits you. 😮 HP[-6]
You take 6 damage, and now have 22/43 hp.
Aiming: Iceblast
Press: ? - help, Q - select action, (/) - cycle Shift-Dir - straight line, f/p - Blork the orc
Aim: Blork the orc, wielding a +3 glaive, wearing a +0 robe and carrying a wand of flame (moderately wounded, fast)
The mass of ice explodes!
The iceblast engulfs Blork the orc!
The now-empty wand crumbles to dust. 😮 HP[+1] Unknown command.
Aiming: Throw Flame
Press: ? - help, Q - select action, (/) - cycle Shift-Dir - straight line, f/p - Blork the orc
Aim: Blork the orc, wielding a +3 glaive, wearing a +0 robe and carrying a wand of flame (severely wounded, fast, 72% to hit)
The puff of flame misses Blork the orc.
Aiming: Throw Flame
Press: ? - help, Q - select action, (/) - cycle Shift-Dir - straight line, f/p - Blork the orc
Aim: Blork the orc, wielding a +3 glaive, wearing a +0 robe and carrying a wand of flame (severely wounded, fast, 72% to hit)
The puff of flame hits Blork the orc.
Blork the orc points at you and mumbles some strange words.
The puff of flame hits you!
* * * LOW HITPOINT WARNING * * *
Blork the orc hits you from afar with a +3 glaive!
You die...

Skill      XL: |  1  2  3  4  5  6 |
---------------+-------------------+-----
Unarmed Combat | 4 5 6 |  6.3
Shapeshifting  | 4 5 |  5.9
Fighting       | |  1.0
Dodging        | |  2.0

Action                     |  1- 3 |  4- 6 |  7- 9 || total
---------------------------+-------+-------+-------++-------
  Melee: Unarmed           |    83 |    98 |     1 ||   182
         Tentacles         |    15 |    22 |       ||    37
         Constrict         |    18 |    23 |       ||    41
         Punch             |       |     5 |       ||     5
 Invoke: Curse Item        |       |       |     1 ||     1
  Evoke: Wand              |       |     2 |     5 ||     7
    Use: Scroll            |     6 |     5 |       ||    11
         Potion            |     1 |     1 |       ||     2
   Stab: Sleeping          |     4 |     7 |       ||    11
 Armour: Skin              |    65 |    39 |     5 ||   109
  Dodge: Dodged            |    37 |    43 |       ||    80

Levels and vault maps discovered:
D:1:      minmay_arrival_three_doors, layout_basic, serial_shops,
          nicolae_shop_advertising_works [nicolae_subvault_shop_adworks],
          bh_walls_and_bars
D:2:      layout_rooms, uniq_crazy_yiuf_cottage
D:3:      layout_basic, mainiacjoe_overflow_paths, serial_bayou_pond_d
D:4:      layout_loops_ring, uniq_eustachio
D:5:      layout_layer_cave, enter_ossuary_3, minmay_misc_feat_diagonals,
          minmay_diced_spiral, uniq_edmund, uniq_blork_the_orc

Notes
Turn   | Place    | Note
-------+----------+-------------------------------------------
     0 | D:1      | ytrimaz the Octopode Shapeshifter began the quest for the
                  | Orb.
     0 | D:1      | Reached XP level 1. HP: 13/13 MP: 1/1
     0 | D:1      | magus.rc [v1.9.6]
    78 | D:1      | You pick up a book of Weapons and begin reading...
    78 | D:1      | You add the spells Tukima's Dance, Dimensional Bullseye and
                  | Iskenderun's Mystic Blast to your library.
   130 | D:1      | Reached XP level 2. HP: 18/18 MP: 2/2
   180 | D:1      | Found Vudoexev's Jewellery Shoppe.
   507 | D:1      | Reached XP level 3. HP: 22/23 MP: 3/3
  1010 | D:2      | HP: 8/34 [frozen (4)]
  1231 | D:2      | Reached skill level 4 in Unarmed Combat
  1231 | D:2      | Reached XP level 4. HP: 28/28 MP: 4/4
  1321 | D:2      | You pick up a book of Geomancy and begin reading...
  1321 | D:2      | You add the spells Sandblast, Passwall and Stone Arrow to
                  | your library.
  1433 | D:2      | Reached skill level 4 in Shapeshifting
  1564 | D:2      | Found a runed translucent door.
  1565 | D:2      | Noticed Crazy Yiuf
  2022 | D:3      | Found a broken altar of Ashenzari.
  2030 | D:3      | Became a worshipper of Ashenzari the Shackled
  2286 | D:3      | Noticed a bullfrog
  2294 | D:3      | Killed a bullfrog
  2295 | D:3      | Reached XP level 5. HP: 29/33 MP: 5/5
  2712 | D:4      | Noticed an ogre
  2725 | D:4      | Killed an ogre
  2726 | D:4      | Reached skill level 5 in Unarmed Combat
  2726 | D:4      | Reached skill level 5 in Shapeshifting
  2726 | D:4      | Reached XP level 6. HP: 29/38 MP: 6/6
  2806 | D:4      | Noticed Eustachio
  3416 | D:4      | Killed Eustachio
  3417 | D:4      | Reached skill level 6 in Unarmed Combat
  3417 | D:4      | Reached XP level 7. HP: 33/43 MP: 7/7
  3610 | D:5      | Entered Level 5 of the Dungeon
  3617 | D:5      | Noticed Blork the orc
  3625 | D:5      | Slain by Blork the orc

Vanquished Creatures
  Eustachio (D:4)
  An ogre (D:4)
  A phantom (D:4)
  A bullfrog (D:3)
  A scorpion (D:5)
  An iguana (D:4)
  An orc wizard (D:4)
  5 adders
  2 worms
  5 dart slugs
  4 orcs
  5 bats
  5 endoplasms
  4 giant cockroaches
  4 goblins
  13 hobgoblins
  4 jackals (D:1)
  5 quokkas
  5 ball pythons
  4 frilled lizards
  7 kobolds
  4 rats
83 creatures vanquished.

Table legend:
 A = Non-vault XP
 B = Vault XP
 C = Vault XP percentage of total XP
 D = Non-vault monster count
 E = Vault monster count
 F = Vault count percentage of total count
                 A         B        C        D         E       F
            +---------+---------+-------+---------+---------+-------
      Total |     693 |     208 |  23.1 |      82 |       1 |   1.2
            +---------+---------+-------+---------+---------+-------
        D:1 |      53 |       0 |   0.0 |      29 |       0 |   0.0
        D:2 |      70 |       0 |   0.0 |      18 |       0 |   0.0
        D:3 |     120 |       0 |   0.0 |      16 |       0 |   0.0
        D:4 |     363 |     208 |  36.4 |      18 |       1 |   5.3
        D:5 |      87 |       0 |   0.0 |       1 |       0 |   0.0
            +---------+---------+-------+---------+---------+-------

Skill      XL: |  1  2  3  4  5  6 |
---------------+-------------------+-----
Unarmed Combat | 4 5 6 |  6.3
Shapeshifting  | 4 5 |  5.9
Fighting       | |  1.0
Dodging        | |  2.0

Action                     |  1- 3 |  4- 6 |  7- 9 || total
---------------------------+-------+-------+-------++-------
  Melee: Unarmed           |    83 |    98 |     1 ||   182
         Tentacles         |    15 |    22 |       ||    37
         Constrict         |    18 |    23 |       ||    41
         Punch             |       |     5 |       ||     5
 Invoke: Curse Item        |       |       |     1 ||     1
  Evoke: Wand              |       |     2 |     5 ||     7
    Use: Scroll            |     6 |     5 |       ||    11
         Potion            |     1 |     1 |       ||     2
   Stab: Sleeping          |     4 |     7 |       ||    11
 Armour: Skin              |    65 |    39 |     5 ||   109
  Dodge: Dodged            |    37 |    43 |       ||    80

Illustrated notes

Table legend:
 A = Kills in this place as a percentage of kills in the entire game.
 B = Kills by you in this place as a percentage of kills by you in the entire game.
 C = Kills by friends in this place as a percentage of kills by friends in the entire game.
 D = Other kills in this place as a percentage of other kills in the entire game.
 E = Experience gained in this place as a percentage of experience gained in the entire game.
 F = Experience gained in this place divided by the number of levels of this place that you have seen.
                   A       B       C       D       E      F
               +-------+-------+-------+-------+-------+----------------------
         Total | 100.0 | 100.0 |   N/A |   N/A | 100.0 | 180.2
       Dungeon | 100.0 | 100.0 |   N/A |   N/A | 100.0 | 180.2
               +-------+-------+-------+-------+-------+----------------------

Table legend: (Time is in decaauts)
 A = Elapsed time spent in this place.
 B = Non-inter-level travel time spent in this place.
 C = Inter-level travel time spent in this place.
 D = Time resting spent in this place.
 E = Time spent auto-exploring this place.
 F = Levels seen in this place.
 G = Mean time per level.
                   A        B        C        D        E       F      G
               +--------+--------+--------+--------+--------+-----+--------+
         Total |   3594 |   3438 |    156 |     90 |   2779 |   5 |  718.8 |
       Dungeon |   3594 |   3438 |    156 |     90 |   2779 |   5 |  718.8 |
               +--------+--------+--------+--------+--------+-----+--------+

Top non-repeatable levels by time:
     D:1: 992 daAuts
     D:4: 878 daAuts
     D:3: 857 daAuts
     D:2: 850 daAuts
     D:5: 14 daAuts
